[Event "*** SCC Grand Prix: Titled Tuesday Blitz"]
[Site "Chess.com"]
[Date "2020.09.29"]
[Round "7"]
[White "BilodeauA"]
[Black "CheckThis4"]
[Result "1-0"]
[WhiteElo "2893"]
[BlackElo "2628"]
[TimeControl "180+1"]
[EndTime "11:15:34 PDT"]
[Termination "BilodeauA won by resignation"]

1. d4 d5 2. Nc3 Nf6 3. Bf4 g6 4.
e3 Bg7 5. h4 a6 6. Nf3 Bg4 7.
Be2 Nbd7 8. Ne5 Bxe2 9. Qxe2 c6 10. O-O-O h5 11. e4 dxe4 12. Nxe4 Nxe4 13. Qxe4 Nf6 14.
Qd3 Qd5 15. Kb1 Qe4 16. Qb3 O-O 17. Bg5 b5 18. f3 Qd5 19. Qe3 Rfe8 20. g4 Rad8 21.
a3 c5 22. dxc5 Qxd1+ 23. Rxd1 Rxd1+ 24. Ka2 Nd5 25. Qe2 Rh1 26. gxh5 e6 27. h6 Bh8 28. c6 b4 29. axb4 Nxb4+ 30. Kb3 Nd5 31. Nd7 Rc8 32. c4 Nb6 33. Nxb6 Rb8 34. c5 Rb1 35. c7 1-0

[Event "*** SCC Grand Prix: Titled Tuesday Blitz"]
[Site "Chess.com"]
[Date "2020.09.29"]
[Round "7"]
[White "Atakishiyev04"]
[Black "Rytenko_V"]
[Result "0-1"]
[WhiteElo "2681"]
[BlackElo "2539"]
[TimeControl "180+1"]
[EndTime "11:15:34 PDT"]
[Termination "Rytenko_V won by resignation"]

1. d4 Nf6 2. Nf3 g6 3. c4 Bg7 4. Nc3 c5 5. g3 cxd4 6. Nxd4 Nc6 7. Bg2 O-O 8. O-O Nxd4 9. Qxd4 d6 10. Qd2 Qa5 11. b3 Be6 12. Bb2 Rab8 13. Rac1 Qh5 14. Rfd1 Ng4 15. h4 Bh6 16. e3 Ne5 17. Nd5 Rfe8 18.
Qd4 Bg7 19. Kh1 Bxd5 20. cxd5 Bf6 21. Qf4 Rbc8 22. Bxe5 Bxe5 23. Qf3 Qxf3 24. Bxf3 Bb2 25. Rc4 Rxc4 26. bxc4 Ba3 27. Be2 Rc8 28. Kg2 Rc7 29. f4 Rc5 30. Kf3 Ra5 31. Rb1 b6 32. Bd1 Bc5 33.
Bb3 Kg7 34. e4 b5 35. cxb5 Rxb5 36. e5 a5 37. Re1 Rb4 38. e6 f5 39. g4 a4 40. Bd1 fxg4+ 41. Kxg4 a3 42. Bb3 Rxb3 43. axb3 Bd4 44. b4 a2 45. b5 a1=Q 46. Rxa1 Bxa1 47. b6 Bd4 48. b7 Ba7 49. h5 Kf6 50. h6 Bb8 51. Kg3 Kf5 52. Kf3 Ba7 53. Kg3 Ke4 54. f5 Kxf5 0-1

[Event "*** SCC Grand Prix: Titled Tuesday Blitz"]
[Site "Chess.com"]
[Date "2020.09.29"]
[Round "7"]
[White "theblitzchamp"]
[Black "Steven_Rojas"]
[Result "1-0"]
[WhiteElo "2627"]
[BlackElo "2453"]
[TimeControl "180+1"]
[EndTime "11:15:35 PDT"]
[Termination "theblitzchamp won on time"]

1. e4 e6 2. Nf3 d5 3. Nc3 d4 4. Ne2 c5 5. c3 dxc3 6. bxc3 Nc6 7. Ng3 Nge7 8. Be2 g6 9. O-O Bg7 10. Ba3 b6 11. Qc2 O-O 12. Rad1 Bb7 13. d4 cxd4 14. cxd4 Re8 15. d5 exd5 16. exd5 Nxd5 17. Bc4 Na5 18. Bb5 Qc8 19. Qa4 Rd8 20. Rc1 Qb8 21. Qh4 Qf4 22. Qh3 Nc3 23. Rxc3 Bxc3 24. Be7 Bc8 25. Ne2 Bxh3 26.
Nxf4 Bf5 27. Bxd8 Rxd8 28. h3 Bf6 29. Re1 Nb7 30. g4 Bd7 31. Bc4 Nd6 32. Bb3 Kg7 33. Nd5 Bc6 34. g5 Bb2 35. Re2 Ba3 36. Ne5 Bxd5 37.
Bxd5 Re8 38. f4 Bc5+ 39. Kg2 Bd4 40. Kf3 Nf5 41. Kg4 Bxe5 42. fxe5 h5+ 43. gxh6+ Nxh6+ 44.
Kf4 f6 45. exf6+ Kf8 46. Rg2 Rd8 47. Bb3 Ng8 48. Rxg6 1-0

[Event "*** SCC Grand Prix: Titled Tuesday Blitz"]
[Site "Chess.com"]
[Date "2020.09.29"]
[Round "7"]
[White "maxip32"]
[Black "BanjoKazooieN64"]
[Result "0-1"]
[WhiteElo "2341"]
[BlackElo "2483"]
[TimeControl "180+1"]
[EndTime "11:15:35 PDT"]
[Termination "BanjoKazooieN64 won on time"]

1. e4 e5 2. Nf3 Nc6 3. Bc4 Bc5 4.
O-O d6 5. d3 Qf6 6. Be3 Nge7 7.
Bxc5 dxc5 8. Nbd2 O-O 9. a4 a6 10. Qb1 Ng6 11. Re1 Nf4 12. g3 Nh3+ 13. Kg2 Bg4 14. Rf1 Rad8 15. Bd5 Ng5 16. Nxg5 Qxg5 17. Bxc6 bxc6 18. Qe1 Qh5 19. h4 Be6 20. f3 g5 21.
Rh1 Kh8 22. hxg5 Qxg5 23. Qf2 Rg8 24. Rag1 c4 25. Kf1 cxd3 26. c3 Rb8 27. f4 Qg4 28. Nf3 exf4 29. Ne5 Qd1+ 30. Kg2 Qc2 31. Qxc2 dxc2 32.
Kf3 Rxg3+ 33. Rxg3 fxg3 34. Kxg3 Rxb2 35. Rc1 Bb3 0-1

[Event "*** SCC Grand Prix: Titled Tuesday Blitz"]
[Site "Chess.com"]
[Date "2020.09.29"]
[Round "7"]
[White "sergeikim"]
[Black "monalize"]
[Result "1-0"]
[WhiteElo "2413"]
[BlackElo "2287"]
[TimeControl "180+1"]
[EndTime "11:15:36 PDT"]
[Termination "sergeikim won by resignation"]

1. d4 d6 2. c4 e5 3. Nf3 Nd7 4.
Nc3 Ngf6 5. e4 Be7 6. g3 O-O 7. Bg2 c6 8. O-O Re8 9. d5 c5 10. Ne1 Bf8 11. Nd3 a6 12. a4 Rb8 13.
b4 cxb4 14. Nxb4 Nc5 15. h3 Qc7 16. Be3 Nfd7 17. Rb1 g6 18. Qd2 Bg7 19. h4 Nb6 20.
Qa2 f5 21. a5 Nbd7 22. exf5 gxf5 23. Na4 Qxa5 24. Nxc5 Qxa2 25. Nxa2 Nxc5 26. Rb6 Bf8 27. Nb4 Ra8 28. Bxc5 dxc5 29. Nd3 e4 30. Nf4 a5 31. Ra1 a4 32. Bh3 Bg7 33. Ra2 a3 34. Ne6 Bxe6 35. dxe6 Bb2 36. Bxf5 Rad8 37. Bxe4 Rd2 38. Bd5 Kg7 39.
Rxb7+ Kf6 40. Rf7+ Ke5 41. Kg2 Rxd5 42. cxd5 c4 43.
Rxh7 c3 44. Rc7 Kxd5 45. Rxa3 Bxa3 46. Rxc3 Rxe6 47. Rf3 Bd6 48. g4 Re4 49. Kh3 Bf4 50. g5 Ke5 51. Kg4 Re1 52. Rxf4 Rg1+ 53. Kf3 1-0

[Event "*** SCC Grand Prix: Titled Tuesday Blitz"]
[Site "Chess.com"]
[Date "2020.09.29"]
[Round "7"]
[White "pedromartinez91"]
[Black "QuintilianoR"]
[Result "1-0"]
[WhiteElo "2466"]
[BlackElo "2609"]
[TimeControl "180+1"]
[EndTime "11:15:38 PDT"]
[Termination "pedromartinez91 won by resignation"]

1. d4 Nf6 2. Bg5 d5 3. Bxf6 exf6 4. e3 c6 5. Nd2 Bd6 6. c4 O-O 7. cxd5 cxd5 8. Ngf3 f5 9. g3 Nd7 10. Bg2 Re8 11. Kf1 Nf6 12. Kg1 g6 13. a3 Bd7 14.
Qb3 Bc6 15. h4 Ng4 16. h5 Qc7 17. Nf1 Qe7 18. hxg6 hxg6 19. Ne1 Rad8 20. Nf3 a6 21. Re1 Bb5 22. N3d2 Bc6 23. Rh3 Qe6 24. Nf3 Qf6 25. N3d2 Kg7 26. Nh2 Bc7 27. Nxg4 fxg4 28. Rh4 Ba5 29. Qd1 Qf5 30. b4 Bb6 31. Rxg4 Rh8 32. Rf4 Qg5 33. Nf3 Qe7 34. Ne5 Be8 35. Qb3 f6 36. Nd3 Rd6 37. Bxd5 g5 38. Re4 Qf8 39. Nc5 Bxc5 40. dxc5 Rd8 41. Bxb7 Bg6 42. Rd4 Bf7 43. Qd3 Rxd4 44. Qxd4 Qe7 45. Bg2 Qe6 46. Qc3 Qf5 47. c6 Bd5 48. e4 Qe6 1-0

[Event "*** SCC Grand Prix: Titled Tuesday Blitz"]
[Site "Chess.com"]
[Date "2020.09.29"]
[Round "7"]
[White "RobPeresian"]
[Black "MarceloPlaya"]
[Result "1-0"]
[WhiteElo "2411"]
[BlackElo "2285"]
[TimeControl "180+1"]
[EndTime "11:15:39 PDT"]
[Termination "RobPeresian won on time"]

1. Nf3 e6 2. c4 d5 3. d4 Bb4+ 4. Nc3 Nf6 5. cxd5 exd5 6. Bg5 O-O 7. e3 h6 8. Bh4 c6 9. Bd3 Nbd7 10. O-O Re8 11.
Qc2 Nf8 12. a3 Bd6 13. b4 Bg4 14. Nd2 Bh5 15. b5 Bg6 16. bxc6 bxc6 17. Na4 Bxd3 18.
Qxd3 Ng6 19. Bg3 Bxg3 20. hxg3 Ne4 21. Nxe4 Rxe4 22. Rfc1 h5 23. Rxc6 h4 24. Nc3 Rg4 25.
Qf5 Rg5 26. Qf3 hxg3 27. fxg3 Qd7 28. Rc5 Rd8 29. Rf1 Qe6 30. Rc7 Ne7 31. Ne2 Rf5 32. Nf4 Qd6 33. Rxa7 g5 34. Qg4 Kf8 35. Rxe7 Qxe7 36. Qxf5 Qxe3+ 37. Kh2 gxf4 38. Rxf4 Qe7 39. Rh4 f6 40. Rh7 1-0

[Event "*** SCC Grand Prix: Titled Tuesday Blitz"]
[Site "Chess.com"]
[Date "2020.09.29"]
[Round "7"]
[White "Onischuk_V"]
[Black "WIDBIFS"]
[Result "1-0"]
[WhiteElo "2901"]
[BlackElo "2659"]
[TimeControl "180+1"]
[EndTime "11:15:40 PDT"]
[Termination "Onischuk_V won on time"]

1. e4 c6 2. d4 d5 3. Nc3 dxe4 4.
Nxe4 Nf6 5. Nxf6+ exf6 6. c3 Bd6 7. Bd3 O-O 8. Ne2 Qc7 9. h3 Re8 10. O-O Nd7 11. Ng3 g6 12. Qf3 f5 13. Bg5 Nf8 14.
Rfe1 Bd7 15. Bf6 Rxe1+ 16. Rxe1 Re8 17. Rxe8 Bxe8 18. Qe3 Ne6 19. Bxf5 Bxg3 20. Bxe6 Bf4 21. Bxf7+ Qxf7 22. Qxf4 Qxa2 23. Qh6 Qf7 24. Be5 a5 25. Qg5 b5 26. Qd8 a4 27. f3 h5 28. Kf2 Qe6 29. Qc7 Qf7 30. Qd6 Bd7 31. Qb8+ Be8 32. g4 hxg4 33.
hxg4 Qe6 34. Kg3 Qf7 35. f4 Qe6 36. Qd8 Qf7 37. f5 Kh7 38. Qh4+ 1-0

[Event "*** SCC Grand Prix: Titled Tuesday Blitz"]
[Site "Chess.com"]
[Date "2020.09.29"]
[Round "7"]
[White "anon481216"]
[Black "RamyresCoelho"]
[Result "1-0"]
[WhiteElo "2420"]
[BlackElo "2021"]
[TimeControl "180+1"]
[EndTime "11:15:41 PDT"]
[Termination "anon481216 won by resignation"]

1. d4 c5 2. d5 d6 3. e4 Nf6 4. Nc3 e5 5. Bb5+ Bd7 6. a4 a6 7. Be2 Be7 8. Nf3 O-O 9. Nd2 Ne8 10. O-O f5 11. exf5 Bxf5 12. Nde4 Nd7 13. a5 Nef6 14. Ng5 h6 15. Ne6 Bxe6 16. dxe6 Nb8 17. Nd5 Nxd5 18.
Qxd5 Nc6 19. Bd2 Kh8 20. Rfd1 Qc8 21. Bd3 Rf6 22. Qe4 g6 23. Qh4 h5 24. Bg5 Qxe6 25. Bxf6+ Bxf6 26. Qe4 Bg7 27. Qxg6 Qxg6 28. Bxg6 Rd8 29.
Bxh5 e4 30. Bf7 Bxb2 31. Rab1 Bd4 32. Rxb7 Rf8 33. c3 Nd8 34. Rd7 Bxf2+ 35. Kxf2 Nxf7 36.
Ke2 Kg7 37. Rf1 Kg6 38. h4 e3 39. h5+ Kg7 40. h6+ Kg6 41. h7 d5 42. Rfxf7 Rxf7 43. Rxf7 Kxf7 44. h8=Q d4 45. cxd4 cxd4 46. Qxd4 1-0

[Event "*** SCC Grand Prix: Titled Tuesday Blitz"]
[Site "Chess.com"]
[Date "2020.09.29"]
[Round "7"]
[White "Chessbard1972"]
[Black "RestartingChess"]
[Result "0-1"]
[WhiteElo "2296"]
[BlackElo "2506"]
[TimeControl "180+1"]
[EndTime "11:15:42 PDT"]
[Termination "RestartingChess won on time"]

1. d4 Nf6 2. Nf3 g6 3. c4 Bg7 4. g3 d6 5. Bg2 O-O 6. O-O c5 7. Nc3 cxd4 8. Qxd4 a6 9. Qh4 Nc6 10. Bh6 Bg4 11. Ng5 Bd7 12. Nd5 Nh5 13. Bxg7 Kxg7 14. g4 h6 15. gxh5 hxg5 16. Qxg5 e6 17. h6+ Kh8 18.
Nf6 Nd4 19. e3 Nf5 20. h4 Bc6 21. e4 Nd4 22. h5 e5 23. f4 Ne6 24. Qh4 exf4 25. e5 dxe5 26. Rad1 Qe7 27. Bxc6 bxc6 28. Rd7 Qc5+ 29. Kh1 g5 30. Qg4 e4 31. Nxe4 Qe5 32. Re1 Rad8 33. Rxd8 Rxd8 34. Qf3 Nd4 0-1

[Event "*** SCC Grand Prix: Titled Tuesday Blitz"]
[Site "Chess.com"]
[Date "2020.09.29"]
[Round "7"]
[White "Hikaru"]
[Black "vladislavkovalev"]
[Result "1-0"]
[WhiteElo "3237"]
[BlackElo "2847"]
[TimeControl "180+1"]
[EndTime "11:15:43 PDT"]
[Termination "Hikaru won by resignation"]

1. Nf3 Nf6 2. b3 e6 3. Bb2 Be7 4. e3 O-O 5. d4 d5 6. Bd3 b6 7. O-O Bb7 8. Nbd2 Nbd7 9. Ne5 c5 10. Qe2 Qc7 11. f4 Ne4 12. Nxd7 Qxd7 13. Nxe4 dxe4 14. Bb5 Bc6 15. Ba6 Bf6 16. Rad1 Qe7 17. c4 Rfd8 18. Rd2 cxd4 19. exd4 Rd7 20. a3 Rad8 21. Rfd1 g6 22. Qe3 Bg7 23. a4 Qd6 24. g4 h6 25. Bb5 Qc7 26. f5 g5 27.
fxe6 fxe6 28. Re2 Bxb5 29. axb5 Rf8 30. Qxe4 Rf4 31. Qxe6+ Kh7 32. h3 Bxd4+ 33. Bxd4 Rfxd4 34. Rxd4 Rxd4 35. Qe7+ Qxe7 36. Rxe7+ Kg8 37. Rxa7 Rd3 38. c5 Rxb3 39. cxb6 Rxb5 40. b7 1-0

[Event "*** SCC Grand Prix: Titled Tuesday Blitz"]
[Site "Chess.com"]
[Date "2020.09.29"]
[Round "7"]
[White "Violord"]
[Black "szachuspl"]
[Result "0-1"]
[WhiteElo "2681"]
[BlackElo "2545"]
[TimeControl "180+1"]
[EndTime "11:15:43 PDT"]
[Termination "szachuspl won by resignation"]

1. Nf3 Nf6 2. g3 g6 3. Bg2 Bg7 4. O-O O-O 5. d4 d6 6. b3 a5 7. Bb2 a4 8. c4 Nc6 9. Nbd2 a3 10. Bc3 e5 11. dxe5 Ng4 12. Qc1 Ngxe5 13. Nxe5 Bxe5 14. Bxc6 Bxc3 15. Qxc3 bxc6 16. Ne4 f5 17.
Nd2 c5 18. f3 Bb7 19. Rae1 Qg5 20. e4 f4 21. Kg2 h5 22. Qd3 Rae8 23. Rg1 fxg3 24.
hxg3 Rf6 25. Kf2 Ref8 26. Ke2 Qe5 27. Qe3 Kg7 28. g4 h4 29. g5 Rf4 30. Ref1 Qb2 31. Rh1 Bc6 32. Rf2 Qxa2 33. Qc3+ Kg8 34. Rfh2 Rxf3 35.
Rxh4 Rxc3 36. Rh8+ Kf7 37. Rf1+ Ke7 38. Rhxf8 Be8 39. Rh8 Rc2 40. Rh7+ Kd8 0-1

[Event "*** SCC Grand Prix: Titled Tuesday Blitz"]
[Site "Chess.com"]
[Date "2020.09.29"]
[Round "7"]
[White "OsorioFernando"]
[Black "vaishali2001"]
[Result "1-0"]
[WhiteElo "2318"]
[BlackElo "2465"]
[TimeControl "180+1"]
[EndTime "11:15:43 PDT"]
[Termination "OsorioFernando won by resignation"]

1. e4 c5 2. Nc3 Nc6 3. g3 g6 4. Bg2 Bg7 5. d3 d6 6. Be3 Rb8 7. Qd2 b5 8. Nge2 Nd4 9. O-O b4 10.
Nd1 Nxe2+ 11. Qxe2 h5 12. h3 e5 13. a3 a5 14. axb4 axb4 15. Qd2 Ne7 16. f4 exf4 17. gxf4 Be6 18. Ra7 Qb6 19. Rxe7+ Kxe7 20. f5 gxf5 21. exf5 Bd7 22. f6+ Bxf6 23. Bg5 Bxg5 24. Qxg5+ Kf8 25. Bd5 Be8 26. Qf5 Rg8+ 27. Kh1 Qc7 28. Ne3 Qe7 29. Nc4 Rd8 30. Qxh5 Rd7 31. Qh6+ Rg7 32. Rg1 f6 1-0

[Event "*** SCC Grand Prix: Titled Tuesday Blitz"]
[Site "Chess.com"]
[Date "2020.09.29"]
[Round "7"]
[White "PotapovaM"]
[Black "RobertoJBM"]
[Result "0-1"]
[WhiteElo "2563"]
[BlackElo "2724"]
[TimeControl "180+1"]
[EndTime "11:15:44 PDT"]
[Termination "RobertoJBM won on time"]

1. d4 d5 2. c4 c6 3. cxd5 cxd5 4.
Nc3 Nf6 5. Bf4 Qb6 6. e3 Qxb2 7.
Nge2 e6 8. Rb1 Qa3 9. Rb3 Qa5 10. Qd2 Nc6 11. Nb5 Bb4 12. Rxb4 Nxb4 13. Nec3 O-O 14. Bd6 Bd7 15. a3 Nc6 16. Bxf8 Rxf8 17. Bd3 a6 18.
Nd6 b5 19. Nb7 Qxa3 20. O-O b4 21. Ne2 Rb8 22. Nc5 b3 23. Rb1 a5 24. Qc3 Be8 25. Rxb3 Rxb3 26. Qxb3 Qxb3 27. Nxb3 a4 28. Nc5 Nb4 29. Nc1 a3 30. Bb1 Nd7 31. N5b3 Nb6 32. Na2 Nxa2 33. Bxa2 Bb5 34. Nc1 Bc4 35. f3 Na4 36.
Bb1 Nc3 37. Bc2 Ne2+ 38. Nxe2 Bxe2 0-1

[Event "*** SCC Grand Prix: Titled Tuesday Blitz"]
[Site "Chess.com"]
[Date "2020.09.29"]
[Round "7"]
[White "Sesleria"]
[Black "queen_iryna"]
[Result "0-1"]
[WhiteElo "2103"]
[BlackElo "2297"]
[TimeControl "180+1"]
[EndTime "11:15:44 PDT"]
[Termination "queen_iryna won by resignation"]

1. e4 d6 2. d4 Nf6 3. Nc3 e5 4. Nf3 Nbd7 5. Bc4 Be7 6. O-O O-O 7. Re1 c6 8. a4 h6 9. a5 Re8 10. h3 Bf8 11. dxe5 dxe5 12. Be3 Bb4 13. Qd3 Bxa5 14. b4 Bxb4 15. Bxf7+ Kxf7 16. Qc4+ Kg6 17. Qxb4 a5 18. Qb3 b5 19. Nh4+ Kh7 20. Qf7 Nf8 21. Bc5 Qd7 22.
Qb3 a4 23. Qb4 Qf7 24. Nf5 Bxf5 25. exf5 N8d7 26. Rad1 Nxc5 27. Qxc5 a3 28. Ra1 a2 29. Rxe5 Rxe5 30. Qxe5 b4 31. Ne4 Nxe4 32. Qxe4 b3 33. cxb3 Qxb3 34. f6+ Kg8 35. fxg7 Rb8 36. Kh2 c5 37. Qe5 Qb2 38. Rxa2 0-1

[Event "*** SCC Grand Prix: Titled Tuesday Blitz"]
[Site "Chess.com"]
[Date "2020.09.29"]
[Round "7"]
[White "DariaVoit"]
[Black "Ziachess74"]
[Result "1-0"]
[WhiteElo "2489"]
[BlackElo "2632"]
[TimeControl "180+1"]
[EndTime "11:15:45 PDT"]
[Termination "DariaVoit won on time"]

1. f4 c5 2. Nf3 g6 3. e4 Bg7 4. d3 Nc6 5. g3 d5 6. e5 f6 7. exf6 Nxf6 8. Bg2 O-O 9. O-O Bg4 10.
Nbd2 Qd7 11. Nb3 b6 12. Qe1 Bxf3 13. Bxf3 Rae8 14. c4 e5 15. cxd5 Nxd5 16. Qe4 Ncb4 17. Qc4 b5 18. Qxc5 Rc8 19. Qf2 exf4 20. d4 Rc2 21.
Bd2 fxg3 22. Qxg3 Rxb2 23. Rad1 Nxa2 24. Bg4 Qe7 25. Rxf8+ Bxf8 26. Re1 Qd8 27. Be6+ Kh8 28. Qe5+ Nf6 29. Bg5 Bg7 30. Rf1 Nc3 31. Bxf6 Bxf6 32.
Rxf6 1-0

[Event "*** SCC Grand Prix: Titled Tuesday Blitz"]
[Site "Chess.com"]
[Date "2020.09.29"]
[Round "7"]
[White "leoduarte"]
[Black "Nikolaj_6"]
[Result "0-1"]
[WhiteElo "2297"]
[BlackElo "2553"]
[TimeControl "180+1"]
[EndTime "11:15:45 PDT"]
[Termination "Nikolaj_6 won on time"]

1. e4 c5 2. Nf3 d6 3. Bb5+ Nd7 4. O-O Nf6 5. Re1 a6 6. Bf1 e6 7. c3 Be7 8. d4 O-O 9. e5 Ne8 10. Bf4 dxe5 11. dxe5 Nc7 12. Nbd2 Nd5 13. Bg3 b6 14.
Ne4 Bb7 15. Bd3 b5 16. Qe2 c4 17. Bc2 Nc5 18. Rad1 Nxe4 19. Qxe4 g6 20. h4 h5 21. Nd4 Qd7 22. Qe2 Rfe8 23. f4 Bf8 24. Rf1 Qc7 25.
Bh2 Qb6 26. g4 b4 27. gxh5 bxc3 28. hxg6 fxg6 29. Qg4 Re7 30. Bxg6 cxb2 31. h5 Bh6 32. Bg3 Ne3 33. Qh4 Rg7 34. Bf2 Nxd1 35. Rxd1 c3 36.
Kh2 Rf8 0-1

[Event "*** SCC Grand Prix: Titled Tuesday Blitz"]
[Site "Chess.com"]
[Date "2020.09.29"]
[Round "7"]
[White "Skatchkov_V"]
[Black "WPWPWP-2015"]
[Result "0-1"]
[WhiteElo "2616"]
[BlackElo "2430"]
[TimeControl "180+1"]
[EndTime "11:15:46 PDT"]
[Termination "WPWPWP-2015 won on time"]

1. d4 Nf6 2. c4 e6 3. Nf3 c5 4. d5 exd5 5. cxd5 d6 6. Nc3 g6 7. Bf4 Bg7 8. Qa4+ Bd7 9. Qb3 Qc7 10. e4 a6 11. a4 O-O 12. Nd2 Nh5 13. Be3 f5 14.
exf5 gxf5 15. Be2 f4 16. Bxc5 Re8 17. O-O Nf6 18. Bb6 Qc8 19. Bf3 Bf5 20. Bd4 Nbd7 21.
Nc4 Qc7 22. Rfe1 Bd3 23. Nb6 Nxb6 24. Bxb6 Qc4 25. Qxc4 Bxc4 26. Bd4 b5 27. axb5 axb5 28. Rxa8 Rxa8 29. h3 b4 30. Ne2 Re8 31. Bxf6 Bxf6 32. Bg4 Bxd5 33. Rd1 Bf7 0-1

[Event "*** SCC Grand Prix: Titled Tuesday Blitz"]
[Site "Chess.com"]
[Date "2020.09.29"]
[Round "7"]
[White "PavelChernomordik"]
[Black "killer311"]
[Result "1-0"]
[WhiteElo "2326"]
[BlackElo "2433"]
[TimeControl "180+1"]
[EndTime "11:15:46 PDT"]
[Termination "PavelChernomordik won by checkmate"]

1. e4 c6 2. Nc3 d5 3. Qf3 dxe4 4. Nxe4 Nf6 5. Nxf6+ exf6 6. Bc4 Bd6 7. Ne2 O-O 8. d4 Qc7 9. Be3 Re8 10. O-O-O b5 11. Bd3 Na6 12. c3 b4 13. c4 Bb7 14.
c5 Bf8 15. Qf5 g6 16. Qxf6 Bg7 17. Qh4 b3 18. a3 Rad8 19. Bg5 Rd5 20. Bc4 Rf5 21.
Ng3 Rxf2 22. Rhe1 Qd7 23. Ne4 Rc2+ 24. Kb1 Rxe4 25. Qxe4 h6 26. Bxb3 Rf2 27. Bh4 Rf5 28. g4 g5 29. Qxf5 Qxf5+ 30. gxf5 gxh4 31. Re7 Bc8 32. Rxf7 Kh8 33. Re1 Nxc5 34. Re8+ Kh7 35. Rxc8 Nxb3 36. Rcc7 Nxd4 37. Rxg7+ Kh8 38. f6 h3 39.
Rc8# 1-0

[Event "*** SCC Grand Prix: Titled Tuesday Blitz"]
[Site "Chess.com"]
[Date "2020.09.29"]
[Round "7"]
[White "aljado"]
[Black "Julianos82"]
[Result "1-0"]
[WhiteElo "2082"]
[BlackElo "2295"]
[TimeControl "180+1"]
[EndTime "11:15:46 PDT"]
[Termination "aljado won by resignation"]

1. e4 c5 2. Nf3 b6 3. d4 cxd4 4. Nxd4 Bb7 5. Nc3 a6 6. f3 e6 7. Be3 Qc7 8. Qd2 Nf6 9. Be2 Bb4 10. O-O Nc6 11. a3 Bc5 12. Rad1 O-O 13. Kh1 Rfd8 14.
Nxc6 Qxc6 15. Bxc5 Qxc5 16. Qd4 Rac8 17. Qxc5 bxc5 18. Rd6 Rc6 19. Rfd1 Rxd6 20. Rxd6 Ne8 21. Rb6 Bc6 22. Rxa6 Kf8 23. Kg1 Ke7 24. Kf2 Rb8 25.
b3 Nc7 26. Ra7 Kd8 27. Ra5 d6 28. e5 Kd7 29. exd6 Kxd6 30. Na4 Bxa4 31. Rxa4 g5 32. Bc4 Nd5 33. Bxd5 Kxd5 34. Ke3 f5 35. Ra7 h5 36. Rd7+ Ke5 37. a4 h4 38. Ra7 Rd8 39. a5 Rd1 40. a6 Ra1 41. c3 Ra2 42. b4 c4 43. f4+ gxf4+ 44. Kf3 Ra3 45. b5 Rxc3+ 46.
Ke2 Kd6 47. b6 Rc2+ 48. Kd1 Rb2 49. b7 Kc7 50. Ra8 Rb6 51. Rc8+ Kd7 52. b8=Q 1-0

[Event "*** SCC Grand Prix: Titled Tuesday Blitz"]
[Site "Chess.com"]
[Date "2020.09.29"]
[Round "7"]
[White "BocharovD"]
[Black "Zhigalko_Sergei"]
[Result "0-1"]
[WhiteElo "2806"]
[BlackElo "2965"]
[TimeControl "180+1"]
[EndTime "11:15:47 PDT"]
[Termination "Zhigalko_Sergei won by checkmate"]

1. d4 Nf6 2. c4 e6 3. Nf3 b6 4. g3 Ba6 5. b3 Bb4+ 6. Bd2 Be7 7.
Bg2 c6 8. O-O d5 9. Qc2 Nbd7 10.
Bf4 O-O 11. Rd1 Rc8 12. Nbd2 Nh5 13. Be3 Re8 14. Qb2 Nhf6 15. Rac1 Bd6 16. Ne5 Qe7 17. Nxd7 Nxd7 18. Rc2 Ba3 19. Qb1 h6 20. Nf3 Red8 21. Bf4 Nf6 22. Ne5 c5 23. dxc5 Bxc5 24. Rcd2 g5 25.
Be3 Bxe3 26. fxe3 Bb7 27. Qb2 Ba8 28. Rf1 dxc4 29. Rxd8+ Qxd8 30. Bxa8 c3 31. Qc2 Qd2 32. Qd3 Rxa8 33. Rxf6 Rd8 34. Qe4 c2 35. Rxf7 c1=Q+ 36. Kg2 Qxe2+ 37. Rf2 Qcf1# 0-1

[Event "*** SCC Grand Prix: Titled Tuesday Blitz"]
[Site "Chess.com"]
[Date "2020.09.29"]
[Round "7"]
[White "MariaFominykh"]
[Black "parintele_chess"]
[Result "1-0"]
[WhiteElo "2314"]
[BlackElo "2132"]
[TimeControl "180+1"]
[EndTime "11:15:47 PDT"]
[Termination "MariaFominykh won by resignation"]

1. Nf3 d5 2. g3 Nf6 3. Bg2 g6 4. O-O Bg7 5. d3 O-O 6. Nbd2 c5 7. e4 dxe4 8. dxe4 Nc6 9. c3 e5 10. Qe2 h6 11. Rd1 Be6 12. Nf1 Qe7 13. Ne3 Nxe4 14. Nc4 f5 15. Nh4 Kh7 16. Bxe4 fxe4 17. Qxe4 Qf7 18.
Nd6 Qxf2+ 19. Kh1 Bh3 20. Qxg6+ Kh8 21. Bxh6 Qf6 22. Bxg7+ Qxg7 23. Qh5+ Kg8 24. Ng6 Be6 25. Nxf8 Rxf8 26. Qe2 Bg4 27. Qc4+ Kh8 28. Rf1 b5 29.
Rxf8+ Qxf8 30. Nf7+ Kg7 31. Qxg4+ Kxf7 32. Rf1+ 1-0

[Event "*** SCC Grand Prix: Titled Tuesday Blitz"]
[Site "Chess.com"]
[Date "2020.09.29"]
[Round "7"]
[White "gui_borba"]
[Black "Zemerovv"]
[Result "1-0"]
[WhiteElo "2434"]
[BlackElo "2299"]
[TimeControl "180+1"]
[EndTime "11:15:48 PDT"]
[Termination "gui_borba won by resignation"]

1. d4 g6 2. Nc3 Bg7 3. e4 d6 4. Bf4 a6 5. Qd2 b5 6. O-O-O Bb7 7. f3 h6 8. h4 e6 9. Nh3 Ne7 10. h5 g5 11. Be3 Nd7 12. Kb1 Nb6 13. Nf2 b4 14.
Ne2 a5 15. Ng3 Qd7 16. f4 gxf4 17. Bxf4 O-O-O 18. Be2 Kb8 19. Bf3 Nc4 20. Qe1 Qb5 21. Ka1 c5 22. e5 Bxf3 23. gxf3 dxe5 24. dxe5 Nd5 25. Bc1 Bxe5 26. Nge4 f5 27. Nd2 Nce3 28. Nb3 Bf6 29. Bxe3 c4 30. Nd4 Qa6 31. Qe2 Rhe8 32. Bxh6 Nc7 33. Be3 f4 34. Ne4 Be5 35. Bf2 Nd5 36.
Nc5 Qb6 37. Qxe5+ Ka7 38. Ndxe6 Rxe6 39. Qxe6 Qxe6 40. Nxe6+ 1-0

[Event "*** SCC Grand Prix: Titled Tuesday Blitz"]
[Site "Chess.com"]
[Date "2020.09.29"]
[Round "7"]
[White "SergeyKarjakin"]
[Black "Zkid"]
[Result "0-1"]
[WhiteElo "2953"]
[BlackElo "2832"]
[TimeControl "180+1"]
[EndTime "11:15:49 PDT"]
[Termination "Zkid won by resignation"]

1. e4 e6 2. d4 d5 3. Nc3 Bb4 4. e5 c5 5. a3 Bxc3+ 6. bxc3 Qa5 7. Bd2 Qa4 8. Qg4 Kf8 9. h4 Qxc2 10. dxc5 Nd7 11. Nf3 Qe4+ 12. Qxe4 dxe4 13. Ng5 Nxe5 14. Nxe4 Nf6 15. Nd6 Bd7 16. Nxb7 Bc6 17. Nd6 Ke7 18. h5 h6 19. f3 Rab8 20. Bf4 Nfd7 21. Nc4 f6 22.
Nxe5 fxe5 23. Be3 Rb2 24. Rh4 a5 25. Rd1 Rhb8 26. Rg4 Kf7 27. Rd6 Rb1+ 28. Kf2 R8b2+ 29. Kg3 Rxf1 30. Rxc6 Nf6 31. Rc7+ Ke8 32. Rh4 Re2 33. Ra4 Nxh5+ 34. Kh2 Ree1 35. Kh3 Rxe3 36. Kg4 Rh1 37. c6 g5 0-1

[Event "*** SCC Grand Prix: Titled Tuesday Blitz"]
[Site "Chess.com"]
[Date "2020.09.29"]
[Round "7"]
[White "francyIM"]
[Black "Xtrmntr78"]
[Result "1-0"]
[WhiteElo "2759"]
[BlackElo "2580"]
[TimeControl "180+1"]
[EndTime "11:15:49 PDT"]
[Termination "francyIM won on time"]

1. d4 f5 2. Nc3 Nf6 3. Bg5 d5 4.
e3 c6 5. Bd3 Be6 6. Nf3 g6 7. h4 Ne4 8. h5 Bg7 9. Bf4 Nd7 10. Qe2 Qa5 11. Kf1 O-O-O 12. Nd1 Bf7 13. Ng5 Bg8 14. f3 Nef6 15. h6 Bf8 16. g4 e6 17. Nf2 Re8 18. Be5 Nxe5 19. dxe5 Nd7 20. f4 Bc5 21. Nf3 Qb6 22. Nd1 fxg4 23. Ng5 g3 24. Kg2 Be7 25. Nf3 g5 26. fxg5 Bf7 27.
e4 Reg8 28. exd5 cxd5 29. Qd2 Nc5 30. Rh4 Nxd3 31. cxd3 Kb8 32. Rc1 Bg6 33. Kxg3 1-0

[Event "*** SCC Grand Prix: Titled Tuesday Blitz"]
[Site "Chess.com"]
[Date "2020.09.29"]
[Round "7"]
[White "Harry_Rakkel"]
[Black "Chuchofrio1"]
[Result "1/2-1/2"]
[WhiteElo "2558"]
[BlackElo "2407"]
[TimeControl "180+1"]
[EndTime "11:15:49 PDT"]
[Termination "Game drawn by repetition"]

1. c4 Nf6 2. Nf3 e6 3. Nc3 d5 4. cxd5 exd5 5. d4 c6 6. Bg5 Bf5 7. Qb3 Qb6 8. Bxf6 gxf6 9. e3 Nd7 10. Nh4 Bg6 11. Be2 Qxb3 12. axb3 a6 13. Kd2 Bd6 14.
g3 O-O 15. Bg4 Rad8 16. Nf5 Bb4 17. h4 h5 18. Bh3 Rfe8 19. Kd1 Kh7 20. Ne2 c5 21.
Nd6 Re7 22. Nxb7 Rb8 23. Bxd7 Rxd7 24. Nxc5 Bxc5 25. dxc5 Rxb3 26. Kc1 Rc7 27. Ra5 Rcb7 28. c6 R7b6 29. Nd4 Rxb2 30. Rd1 Rxf2 31. Ra1 Rb4 32. Re1 Rc4+ 33. Kd1 Bc2+ 34. Nxc2 Rcxc2 35. Rg1 Rfd2+ 36. Ke1 Re2+ 37. Kd1 Red2+ 38. Ke1 Re2+ 39. Kd1 Rcd2+ 40. Kc1 Rc2+ 41. Kd1 1/2-1/2